Map: Dusk Towers

Players

Grumm - Winner!

  • Race: Zerg Zerg
  • League: Gold

Worldboss

  • Race: Zerg Zerg
  • League: Gold

VOD

Have the link to the VOD?

Description

Time

  • Played on: Jan. 24, 2016, 11:59 p.m.
  • Length: 8:43
Show
View Real Time Build Order
Export as new Build Order

Grumm Zerg - Winner!

Build Orders: Pool First 

Get SALT Encoding   

  12  0:19  Spawning Pool  
  11  0:22  Drone  
  12  0:31  Overlord  
  12  0:38  Drone  
  12  0:40  Drone  
  14  1:06  Zergling x6  
  17  1:20  Hatchery  
  17  1:22  Drone  
  17  1:34  Drone  
  17  1:39  Extractor  
  17  1:45  Drone, Roach Warren  
  17  1:50  Overlord  
  16  2:11  Drone  
  16  2:37  Drone x4  
  20  2:57  Drone x3  
  23  3:03  Extractor  
  23  3:04  Spine Crawler, Queen  
  23  3:05  Queen  
  23  3:11  Zergling x4  
  23  3:12  Zergling x2  
  28  3:19  Roach  
  30  3:22  Overlord  
  32  3:27  Roach  
  32  3:38  Drone  
  32  4:00  Drone  
  33  4:13  Drone  
  33  4:14  Roach  
  33  4:15  Hatchery, Overlord, Roach  
  37  4:17  Drone x2  
  39  4:38  Zergling x10  
  43  4:50  Metabolic Boost  
  43  4:52  Lair  
  43  5:12  Drone x7  
  50  5:23  Roach  
  50  5:25  Overlord  
  40  6:11  Roach  
  40  6:12  Roach x8  
  57  6:22  Queen  
  59  6:35  Hydralisk Den, Roach  
  59  6:36  Roach x2  
  63  6:48  Overlord  
  63  6:49  Overlord  
  63  6:50  Zergling x4  
  65  6:58  Pneumatized Carapace  
  63  7:09  Evolution Chamber  
  63  7:10  Evolution Chamber  
  63  7:15  Evolution Chamber  
  60  7:18  Zergling x16  
  60  7:19  Zergling x8  
  72  7:27  Muscular Augments  
  72  7:36  Nydus Network  
  71  7:37  Spore Crawler  
  59  8:08  Zergling x2  
  59  8:09  Zergling x18  
  66  8:20  Spine Crawler  
  66  8:23  Drone x2  
Show
View Real Time Build Order
Export as new Build Order

Worldboss Zerg 

Build Orders: Hatch First 

Get SALT Encoding   

  12  0:02  Drone  
  13  0:13  Overlord  
  13  0:22  Drone  
  14  0:45  Hatchery  
  13  0:51  Drone x2  
  15  1:07  Spawning Pool  
  15  1:11  Extractor  
  13  1:12  Drone  
  13  1:18  Drone  
  15  1:22  Drone  
  16  1:26  Drone  
  17  1:36  Overlord  
  17  1:55  Spine Crawler  
  17  1:56  Queen  
  17  1:57  Zergling x2  
  17  2:00  Zergling x2  
  16  2:21  Zergling x2  
  16  2:38  Zergling x2  
  17  2:54  Metabolic Boost  
  17  3:08  Drone  
  17  3:09  Drone x3  
  21  3:25  Drone x2  
  21  3:26  Drone  
  23  3:48  Queen  
  23  3:50  Drone x4  
  28  4:08  Roach Warren  
  27  4:34  Drone  
  27  4:35  Drone x8  
  34  4:58  Overlord x2  
  34  5:14  Extractor  
  34  5:15  Hatchery  
  34  5:19  Roach  
  34  5:20  Roach x6  
  46  5:24  Lair  
  46  5:34  Roach  
  49  5:54  Roach  
  47  6:06  Roach  
  47  6:07  Roach x2  
  50  6:15  Queen  
  50  6:18  Overlord  
  52  6:29  Extractor  
  51  7:06  Ravager  
  51  7:07  Ravager  
  53  7:10  Zergling x14  
  53  7:12  Overlord x2  
  53  7:13  Overlord  
  60  7:35  Ravager x2  
  60  7:36  Hatchery  
  61  7:43  Ravager  
  37  8:16  Roach x11  
  37  8:17  Roach  
  61  8:20  Overlord  
Tags
 
Add a new tag
Caveats
  • Supply blocks, unpowered buildings, or Contaminate may cause inaccurate times.
  • Supply counts are checked every 10 seconds.